 Dungeon Crawl Stone Soup version 0.24-a0-57-gac335f2 (webtiles) character file.

Game seed: 5030882656169134783

1081583 Lanoc the Rhythm of Life and Death (level 27, -1/266 HPs)
             Began as a Demonspawn Gladiator on Feb 4, 2019.
             Was the Champion of Uskayaw.
             Slain by a reaper
             ... wielding a +6 scythe of slicing
              (25 damage)
             ... on level 20 of a ziggurat on Feb 5, 2019.
             The game lasted 05:40:46 (88569 turns).

Lanoc the Rhythm of Life and Death (DsGl)          Turns: 88569, Time: 05:40:47

Health: -1/266     AC: 46    Str: 26    XL:     27
Magic:  49/49      EV: 24    Int: 15    God:    Uskayaw [******]
Gold:   9827       SH:  8    Dex: 25    Spells: 13/40 levels left

rFire    + + +     SeeInvis +   j - +10 executioner's axe of Bodily Harmony {freeze, rElec MR+ Dex+3}
rCold    + + +     Gourm    .   (shield currently unavailable)
rNeg     + + +     Faith    +   s - +12 gold dragon scales
rPois    +         Spirit   .   Q - +0 helmet of Xogajac {*Drain rC+ Int+2 Dex+3}
rElec    +         Reflect  .   H - +2 cloak "Ycim" {rC+}
rCorr    .         Harm     .   (gloves unavailable)
MR       +++..     Clarity  +   q - +1 pair of boots of Wumpuf {+Fly}
Stlth    ..........             r - amulet of faith
HPRegen  9.54/turn              F - ring of the Modern Wishes {rN+ MP+9 Str+4 Dex+4}
MPRegen  0.31/turn              O - ring "Koloaj" {rElec rN++ Int+2 Dex-2 SInv}

@: very slightly contaminated, studying 2 skills
A: claws 3, talons 1, large bone plates 3, clarity, clever 1, fire resistance 2,
hurl damnation, nightstalker 3, powered by death 3, robust 1, weak 2, no potion
heal 1, flame cloud immunity
}: 10/15 runes: serpentine, barnacled, slimy, silver, abyssal, demonic, glowing,
magical, fiery, dark
a: Hurl Damnation, Stomp, Line Pass, Grand Finale, Renounce Religion, Evoke
Flight


You were on level 20 of a ziggurat.
You worshipped Uskayaw.
Uskayaw was exalted by your worship.
You were not hungry.

You visited 13 branches of the dungeon, and saw 58 of its levels.
You visited Pandemonium 1 time, and saw 11 of its levels.
You visited the Abyss 3 times.
You visited 1 ziggurat, and saw 20 of its levels.
You also visited: Gauntlet and Ice Cave.

You collected 11990 gold pieces.
You spent 2163 gold pieces at shops.

Inventory:

Hand Weapons
 h - the +10 war axe of the Poles {flame, *Noise rN+ Int+4 SInv, unknown}
   (You found it on level 19 of a ziggurat)

   It has been specially enchanted to burn those struck by it, causing extra
   injury to most foes and up to half again as much damage against particularly
   susceptible opponents.
   Big, fiery blades are also staple armaments of hydra-hunters.
   It affects your intelligence (+4).
   It protects you from negative energy.
   It lets you see invisible.
   It may make noises in combat.
 j - the +10 executioner's axe of Bodily Harmony (weapon) {freeze, rElec MR+ Dex+3}
   (You acquired it on level 2 of the Lair of Beasts)

   It has been specially enchanted to freeze those struck by it, causing extra
   injury to most foes and up to half again as much damage against particularly
   susceptible opponents.
   It can also slow down cold-blooded creatures.
   It affects your dexterity (+3).
   It insulates you from electricity.
   It affects your resistance to hostile enchantments.
 v - a +9 vampiric executioner's axe
 B - a +9 executioner's axe of chopping
 E - the +8 storm bow {elec}
   (You took it off a minotaur in a Gauntlet)

   It charges the ammunition it shoots with electricity; occasionally upon a
   hit, such missiles may discharge and cause terrible harm.
 Y - the +7 great mace "Undeadhunter" {disrupt, rN+}
   (You found it on level 11 of a ziggurat)

   It protects you from negative energy.
Missiles
 d - 11 throwing nets (quivered)
 i - 2448 arrows
Armour
 q - the +1 pair of boots of Wumpuf (worn) {+Fly}
   (You found it on level 17 of a ziggurat)

   It lets you fly.
 s - +12 gold dragon scales (worn)
 H - the +2 cloak "Ycim" (worn) {rC+}
   (You found it on level 1 of the Crypt)

   It protects you from cold.
 Q - the +0 helmet of Xogajac (worn) {*Drain rC+ Int+2 Dex+3}
   (You found it in a Gauntlet)

   It affects your intelligence (+2).
   It affects your dexterity (+3).
   It protects you from cold.
   It causes draining when unequipped.
Jewellery
 n - the brooch of Shielding {Reflect SH+8}
   (You found it on level 3 of a ziggurat)

   [amulet of reflection]

   It shields you and reflects attacks.
   It affects your SH (+8).
 r - an amulet of faith (around neck)
 F - the ring of the Modern Wishes (left claw) {rN+ MP+9 Str+4 Dex+4}
   (You found it on level 4 of the Shoals)

   [ring of magical power]

   It affects your strength (+4).
   It affects your dexterity (+4).
   It protects you from negative energy.
   It affects your magic capacity (+9).
 N - the ring of Shadows {Umbra +Inv Stlth+}
   (You found it on level 13 of a ziggurat)

   [ring of stealth]

   It lets you turn invisible.
   It makes you more stealthy.
 O - the ring "Koloaj" (right claw) {rElec rN++ Int+2 Dex-2 SInv}
   (You found it on level 3 of the Abyss)

   [ring of intelligence]

   It affects your intelligence (+2).
   It affects your dexterity (-2).
   It insulates you from electricity.
   It greatly protects you from negative energy.
   It lets you see invisible.
Wands
 G - a wand of acid (20)
 U - a wand of clouds (10)
Scrolls
 b - 5 scrolls of immolation
 c - 5 scrolls of silence
 e - 16 scrolls of fear
 m - 40 scrolls of remove curse
 o - 23 scrolls of teleportation
 A - 7 scrolls of summoning
 C - 3 scrolls of enchant armour
 K - 10 scrolls of fog
 L - a scroll of blinking
 P - 32 scrolls of identify
 R - 13 scrolls of magic mapping
Potions
 a - 11 potions of haste
 l - 14 potions of mutation
 p - 4 potions of resistance
 t - 7 potions of cancellation
 u - 10 potions of agility
 w - 16 potions of brilliance
 z - 5 potions of magic
 M - 5 potions of invisibility
 S - 24 potions of curing
 T - 7 potions of might
 X - 4 potions of ambrosia
 Z - 7 potions of heal wounds
Books
 y - a manual of Throwing
 I - a manual of Staves
 W - a manual of Throwing
Miscellaneous
 g - 5 phantom mirrors
 k - a phial of floods
 x - 5 boxes of beasts
 J - 2 sacks of spiders
 V - a lamp of fire
Comestibles
 f - 96 rations
 D - 4 chunks of flesh


   Skills:
 + Level 25.1 Fighting
 - Level 26.0 Axes
 - Level 8.4 Bows
 - Level 7.0 Throwing
 + Level 24.3 Armour
 + Level 23.5 Dodging
 + Level 7.4 Spellcasting
 * Level 19.9 Necromancy
 O Level 27 Invocations


You had 13 spell levels left.
You knew the following spells:

 Your Spells              Type           Power        Failure   Level  Hunger
a - Apportation           Tloc           #.....       73%         1    None
b - Summon Butterflies    Summ           #.......     73%         1    None
c - Necromutation         Tmut/Necr      #####.....   100%        8    #######
d - Sublimation of Blood  Necr           ######....   1%          2    None
e - Animate Dead          Necr           N/A          1%          4    ####...
f - Dispel Undead         Necr           ######..     1%          5    #####..
g - Vampiric Draining     Necr           ######....   1%          3    ##.....
h - Regeneration          Chrm/Necr      #####.....   5%          3    ##.....

Your spell library contained the following spells:

 Spells                   Type           Power        Failure   Level  Hunger
 Animate Skeleton         Necr           N/A          1%          1    None
 Pain                     Necr           ####         1%          1    None
 Corpse Rot               Necr           N/A          1%          2    None
 Agony                    Necr           ######..     1%          5    #####..
 Death Channel            Necr           ######....   4%          6    #######
 Bolt of Draining         Conj/Necr      #####.....   45%         5    #####..
 Borgnjor's Vile Clutch   Necr/Erth      #####.....   45%         5    #####..
 Excruciating Wounds      Chrm/Necr      #####.....   45%         5    #####..
 Beastly Appendage        Tmut           #.....       73%         1    None
 Confusing Touch          Hex            #.....       73%         1    None
 Corona                   Hex            #......      73%         1    None
 Freeze                   Ice            #...         73%         1    None
 Infusion                 Chrm           #...         73%         1    None
 Magic Dart               Conj           #...         73%         1    None
 Sandblast                Erth           #.....       73%         1    None
 Shock                    Conj/Air       #...         73%         1    None
 Sting                    Conj/Pois      #...         73%         1    None
 Blink                    Tloc           N/A          86%         2    None
 Call Imp                 Summ           #.......     86%         2    None
 Ensorcelled Hibernation  Hex/Ice        #.....       86%         2    None
 Passwall                 Tmut/Erth      #.......     86%         2    None
 Poisonous Vapours        Pois/Air       #.....       86%         2    None
 Searing Ray              Conj           #.....       86%         2    None
 Shroud of Golubria       Chrm/Tloc      #.........   86%         2    None
 Slow                     Hex            #.......     86%         2    None
 Song of Slaying          Chrm           #.......     86%         2    None
 Sticks to Snakes         Tmut           #.......     86%         2    None
 Swiftness                Chrm/Air       #.......     86%         2    None
 Throw Frost              Conj/Ice       #.....       86%         2    None
 Borgnjor's Revivificati  Necr           ######....   90%         8    #######
 Infestation              Necr           ######....   90%         8    #######
 Simulacrum               Ice/Necr       #####.....   95%         6    #######
 Call Canine Familiar     Summ           #.......     97%         3    ##.....
 Confuse                  Hex            #.......     97%         3    ##.....
 Conjure Flame            Conj/Fire      #.......     97%         3    ##.....
 Dazzling Spray           Conj/Hex       #.....       97%         3    ##.....
 Gell's Gravitas          Tloc           #.........   97%         3    ##.....
 Ignite Poison            Fire/Tmut/Pois #.......     97%         3    ##.....
 Inner Flame              Hex/Fire       #.......     97%         3    ##.....
 Lesser Beckoning         Tloc           #.........   97%         3    ##.....
 Mephitic Cloud           Conj/Pois/Air  #.......     97%         3    ##.....
 Ozocubu's Armour         Chrm/Ice       #.......     97%         3    ##.....
 Portal Projectile        Hex/Tloc       #.....       97%         3    ##.....
 Recall                   Summ/Tloc      N/A          97%         3    ##.....
 Spectral Weapon          Hex/Chrm       #.......     97%         3    ##.....
 Spider Form              Tmut/Pois      #.........   97%         3    ##.....
 Static Discharge         Conj/Air       #.......     97%         3    ##.....
 Stone Arrow              Conj/Erth      #.....       97%         3    ##.....
 Summon Guardian Golem    Hex/Summ       #.......     97%         3    ##.....
 Teleport Other           Tloc           #.......     97%         3    ##.....
 Tukima's Dance           Hex            #.......     97%         3    ##.....
 Airstrike                Air            #.........   100%        4    ####...
 Cause Fear               Hex            #.........   100%        4    ####...
 Force Lance              Conj/Tloc      #.......     100%        4    ####...
 Fulminant Prism          Conj/Hex       #.........   100%        4    ####...
 Ice Form                 Ice/Tmut       #.......     100%        4    ####...
 Iskenderun's Mystic Bla  Conj           #.......     100%        4    ####...
 Leda's Liquefaction      Hex/Erth       #.........   100%        4    ####...
 Olgreb's Toxic Radiance  Pois           #.......     100%        4    ####...
 Passage of Golubria      Tloc           N/A          100%        4    ####...
 Petrify                  Tmut/Erth      #.......     100%        4    ####...
 Summon Ice Beast         Ice/Summ       #.......     100%        4    ####...
 Summon Lightning Spire   Summ/Air       #.......     100%        4    ####...
 Throw Icicle             Conj/Ice       #.......     100%        4    ####...
 Alistair's Intoxication  Tmut/Pois      #.......     100%        5    #####..
 Aura of Abjuration       Summ           #.........   100%        5    #####..
 Blade Hands              Tmut           #.........   100%        5    #####..
 Bolt of Magma            Conj/Fire/Erth #.........   100%        5    #####..
 Fireball                 Conj/Fire      #.........   100%        5    #####..
 Irradiate                Conj/Tmut      #.........   100%        5    #####..
 Iskenderun's Battlesphe  Conj/Chrm      #.......     100%        5    #####..
 Lee's Rapid Deconstruct  Erth           #.........   100%        5    #####..
 Lightning Bolt           Conj/Air       #.........   100%        5    #####..
 Metabolic Englaciation   Hex/Ice        #.........   100%        5    #####..
 Silence                  Hex/Air        #.........   100%        5    #####..
 Summon Demon             Summ           #.........   100%        5    #####..
 Summon Forest            Summ/Tloc      #.........   100%        5    #####..
 Summon Mana Viper        Hex/Summ       #.......     100%        5    #####..
 Venom Bolt               Conj/Pois      #.........   100%        5    #####..
 Yara's Violent Unravell  Hex/Tmut       #.........   100%        5    #####..
 Bolt of Cold             Conj/Ice       #.........   100%        6    #######
 Conjure Ball Lightning   Conj/Air       #.........   100%        6    #######
 Darkness                 Hex            #.........   100%        6    #######
 Deflect Missiles         Chrm/Air       #.........   100%        6    #######
 Dispersal                Tloc           #.........   100%        6    #######
 Freezing Cloud           Conj/Ice/Air   #.........   100%        6    #######
 Invisibility             Hex            #.......     100%        6    #######
 Iron Shot                Conj/Erth      #.........   100%        6    #######
 Ozocubu's Refrigeration  Ice            #.........   100%        6    #######
 Shadow Creatures         Summ           N/A          100%        6    #######
 Statue Form              Tmut/Erth      #........    100%        6    #######
 Haunt                    Necr/Summ      #####.....   100%        7    #######
 Malign Gateway           Summ/Tloc      #.........   100%        7    #######
 Monstrous Menagerie      Summ           #.........   100%        7    #######
 Orb of Destruction       Conj           #.........   100%        7    #######
 Ring of Flames           Chrm/Fire      #.........   100%        7    #######
 Spellforged Servitor     Conj/Summ      #.........   100%        7    #######
 Summon Greater Demon     Summ           #.........   100%        7    #######
 Summon Hydra             Summ           #.........   100%        7    #######
 Controlled Blink         Tloc           N/A          100%        8    #######
 Death's Door             Chrm/Necr      #####.....   100%        8    #######
 Disjunction              Tloc           #.........   100%        8    #######
 Ignition                 Fire           #.........   100%        8    #######
 Summon Horrible Things   Summ           #.........   100%        8    #######
 Shatter                  Erth           #.........   100%        9    #######
 Tornado                  Air            #.........   100%        9    #######


Dungeon Overview and Level Annotations

Branches:
Dungeon (15/15)            Temple (1/1) D:4            Lair (6/6) D:9
 Shoals (4/4) Lair:4        Snake (4/4) Lair:2        Slime (5/5) Lair:6
    Orc (2/2) D:12            Elf (3/3) Orc:2        Vaults (5/5) D:14
  Crypt (3/3) Vaults:3       Tomb (0/3) Crypt:3      Depths (5/5) D:15
   Hell (1/1)                 Dis (0/7) Hell            Geh (0/7) Hell
    Coc (0/7) Hell            Tar (0/7) Hell            Zot (4/5) Depths:5

Altars:
Cheibriados
Dithmenos
Gozag
Hepliaklqana
Kikubaaqudgha
Nemelex Xobeh
Okawaru
Qazlal
Trog
Uskayaw
Wu Jian
Yredelemnul
Zin
Beogh
Jiyva
Lugonu

Shops:
D:4 %   D:7 [   Orc:2 (*:[   Elf:1 *   Elf:3 %[*(   Snake:1 :   Vaults:3 %
Vaults:4 (

Portals:
Hell: Depths:1 Depths:2 Depths:3 Depths:4 Depths:5
Abyss: Depths:1 Depths:2 Depths:4
Pandemonium: Depths:1 Depths:3 Depths:5

Annotations:
D:15 feelmyfire's ghost, adept SpAs
Shoals:2 exclusion: 2 oklob plants
Elf:1 3 runed translucent doors
Zig:20 exclusion: orange crystal statue


Innate Abilities, Weirdness & Mutations

You have claws for hands.
You are completely covered in large bone plates. (SH +8)
Your flesh is very heat resistant. (rF++)
You can hurl damnation.
You are completely attuned to the shadows.
You regenerate a lot of health from kills.
You are immune to clouds of flame.
You have sharp toenails.
You possess an exceptional clarity of mind.
Your mind is acute. (Int +2)
You are robust. (+10% HP)
You are very weak. (Str -4)
Potions are less effective at restoring your health.


Message History

The spray of metal splinters misses you.
You block the reaper's attack. The hellion closely misses you.
Unknown command.
You barely miss the war gargoyle.
The war gargoyle is severely damaged.
You slash the bone dragon! You freeze the bone dragon.
You slash the iron giant! You freeze the iron giant.
You closely miss the iron imp. You closely miss the hellion.
The reaper hits you from afar with a +3 scythe of flaming!
A titan zombie comes into view.
The war gargoyle hits you with a +2 vampiric lajatang!!
You block the iron imp's attack. The reaper misses you.
The bone dragon bites you!
* * * LOW HITPOINT WARNING * * *
The bone dragon barely misses you. x2; You block the hellion's attack.
The iron giant casts a spell at you. The iron shot hits you!!!
* * * LOW HITPOINT WARNING * * *
The reaper hits you from afar with a +6 scythe of slicing!!
You die...

...................
.....................
......................
552...................
.5525..†..............
○25222)...............
.54Z9255..............
.544D@................
.Z42Ch................
...2....... 8.........
.........


You could see a bone dragon, an iron giant, 7 reapers, a war gargoyle, 3 rust
devils, a hellion, a tormentor, a red devil, a hell hound, 9 iron imps and 2
titan zombies.

Vanquished Creatures
  Cerebov (Pan)
  the Royal Jelly (Slime:5)
  Gloorx Vloq (Pan)
  Lom Lobon (Pan)
  Mnoleg (Pan)
  5 ancient liches
  Mara (Vaults:3)
  7 juggernauts
  Sojobo (Vaults:1)
  Saint Roka (Depths:2)
  Frederick (Vaults:5)
  A Killer Klown (Zot:4)
  Vashnia (Snake:3)
  2 caustic shrikes
  Geryon (Hell)
  13 golden dragons
  6 pandemonium lords (Pan)
  Nikola (Depths:2)
  A pearl dragon (Zig:15)
  2 profane servitors
  The ghost of Ratty the Rich, an adept DsFi of Gozag (Crypt:1)
  4 Brimstone Fiends (Pan)
  3 bone dragons
  An iron giant (Zig:20)
  2 hellephants (Zig:8)
  3 electric golems
  8 Tzitzimimeh
  20 tentacled monstrosities
  2 Ice Fiends (Pan)
  The ghost of Wikobylo the Severer, an adept NaGl of Makhleb (Elf:1)
  8 titans
  10 liches
  Asterion (Vaults:1)
  2 Hell Sentinels
  3 deep elf blademasters
  7 death cobs
  5 deep elf master archers
  6 quicksilver dragons
  7 sphinxes
  22 Executioners
  13 tentacled starspawn
  4 ancient champions
  30 acid blobs
  Agnes (Snake:4)
  Gastronok (D:10)
  15 shadow dragons
  3 revenants
  11 nagarajas
  13 storm dragons
  11 tengu reavers
  Roxanne (Shoals:1)
  17 draconian monks
  15 azure jellies
  4 iron dragons
  Ilsuiw (Shoals:3)
  7 blood saints
  11 fire giants
  11 draconian knights
  6 ghost moths
  6 deep elf sorcerers
  6 frost giants
  14 vault wardens
  6 angels
  2 juggernaut zombies
  8 orc warlords
  8 draconian scorchers
  Louise (Snake:3)
  3 warmongers (Pan)
  26 balrugs
  8 draconian shifters
  11 cacodemons (Pan)
  2 curse skulls (Pan)
  2 caustic shrike zombies (Zig:20)
  7 draconian stormcallers
  A spriggan defender (Depths:4)
  38 stone giants
  17 reapers
  2 ghouls
  18 ironheart preservers
  5 deep elf elementalists
  8 draconian annihilators
  11 war gargoyles
  50 very ugly things
  4 entropy weavers
  4 ophanim
  5 vampire knights
  5 black suns (Pan)
  17 deep elf demonologists
  4 apis (Zig:15)
  15 red draconians
  Nessos (Lair:6)
  12 lorocyprocas
  19 green draconians
  11 white draconians
  13 black draconians
  4 corrupters (Pan)
  A dire elephant (Gauntlet)
  The ghost of Plog the Severer, a journeyman MiBe of Trog (Lair:3)
  9 purple draconians
  A minotaur (Gauntlet)
  16 deep elf annihilators
  10 yellow draconians
  4 spark wasps (Depths:4)
  7 merfolk javelineers
  4 eidola
  14 green deaths
  3 crystal guardians (Crypt:3)
  15 ettins
  A quicksilver dragon zombie (Zig:20)
  22 fire dragons
  18 deep elf death magi
  18 blizzard demons
  7 jiangshi
  5 death oozes
  5 merfolk impalers
  21 yaktaur captains
  9 deep elf high priests
  2 quicksilver dragon skeletons
  The ghost of Naizifi the Nimble, a journeyman KoNe of Kikubaaqudgha (Lair:3)
  11 rakshasas
  Erolcha (D:11)
  4 monstrous demonspawn (Pan)
  20 great orbs of eyes
  32 vault guards
  9 hydras
  Harold (D:7)
  13 ice dragons
  4 hell beasts
  4 merfolk avatars
  8 centaur warriors
  5 death knights
  8 anacondas
  5 spriggan air magi
  15 naga warriors
  4 merfolk aquamancers
  3 satyrs
  33 two-headed ogres
  50 dancing weapons
  A satyr (shapeshifter) (Zig:17)
  13 ogre magi
  Erica (D:10)
  10 deep troll shamans
  An alligator (Shoals:1)
  10 deep troll earth magi
  A tengu warrior (Depths:3)
  7 vampire magi
  8 spriggan berserkers
  17 naga sharpshooters
  26 soul eaters
  8 orc high priests
  6 shock serpents
  10 thrashing horrors
  4 hell hogs
  24 hell knights
  2 iron golems (Hell)
  7 wretched stars
  31 deep elf knights
  2 spriggans (Depths:4)
  57 sun demons
  7 iron trolls
  22 sixfirhies
  2 salamander mystics
  A golden dragon zombie (Zig:20)
  17 shadow wraiths
  21 sea snakes
  4 spatial maelstroms
  3 gelid demonspawn (Pan)
  5 torturous demonspawn (Pan)
  41 deep trolls
  7 flayed ghosts
  4 unseen horrors
  An unseen horror (shapeshifter) (Zig:17)
  13 glowing orange brains
  6 shadow demons
  37 skeletal warriors
  A swamp dragon (shapeshifter) (Vaults:5)
  6 infernal demonspawn
  24 starcursed masses
  A kraken simulacrum (Shoals:4)
  3 anaconda zombies
  2 cherubim (Abyss:3)
  A death drake (shapeshifter) (Zig:17)
  10 wizards
  7 naga ritualists
  20 deep elf archers
  2 orange crystal statues (Zig:18)
  An iron giant skeleton (Crypt:1)
  A lindwurm (Lair:6)
  A tengu zombie (Vaults:5)
  3 obsidian statues
  15 harpies
  Pikel (D:7)
  9 phantasmal warriors
  4 shadow dragon zombies
  A golden dragon skeleton (Pan)
  16 necromancers
  2 anaconda skeletons
  6 orb spiders (Zig:12)
  25 ironbrand convokers
  53 ugly things
  35 orc knights
  An orb spider (shapeshifter) (D:14)
  A harpy (shapeshifter) (Vaults:3)
  A faun (shapeshifter) (Zig:17)
  9 cyclopes
  95 deep elf magi
  7 fauns
  9 orc sorcerers
  20 mana vipers
  2 oklob plants (Lair:5)
  5 wolf spiders
  A stone giant zombie (Hell)
  27 moths of wrath
  A frost giant zombie (Crypt:2)
  14 salamanders
  14 manticores
  A salamander (shapeshifter) (Vaults:5)
  3 worldbinders
  12 shining eyes
  26 black mambas
  A shock serpent zombie (Hell)
  A black mamba (shapeshifter) (Vaults:4)
  5 elephants
  12 rust devils
  5 ice statues
  11 merfolk sirens
  A frost giant skeleton (Pan)
  6 eyes of devastation
  8 spiny frogs
  21 vault sentinels
  4 apocalypse crabs
  4 guardian serpents
  A spriggan zombie (D:15)
  3 molten gargoyles (Lair:6)
  15 naga magi
  6 hellions
  A spiny frog (shapeshifter) (Zig:13)
  20 orange demons
  3 water nymphs
  2 gargoyles
  7 efreet
  5 torpor snails
  49 smoke demons
  13 ice devils
  A komodo dragon (shapeshifter) (Vaults:1)
  An emperor scorpion zombie (Crypt:1)
  12 komodo dragons
  A yaktaur zombie (D:15)
  26 red devils
  9 rime drakes
  A minotaur zombie (Gauntlet)
  58 yaktaurs
  A catoblepas skeleton (Crypt:3)
  7 kobold demonologists
  21 hellwings
  2 yaktaurs (shapeshifter)
  14 demonic crawlers
  19 tormentors
  A spark wasp simulacrum (Depths:3)
  16 freezing wraiths
  8 ancient zymes
  2 jumping spiders (shapeshifter)
  2 human skeletons
  25 merfolk
  4 tengu conjurers
  A merfolk (shapeshifter) (Depths:2)
  4 hydra zombies
  A queen bee (shapeshifter) (Vaults:5)
  11 trolls
  4 jumping spiders (Zig:12)
  3 hydra skeletons
  A wind drake (Shoals:3)
  4 tyrant leeches (D:13)
  8 hornets
  15 blink frogs
  2 polar bears (D:12)
  7 dream sheep (Lair:6)
  2 ettin zombies
  8 raiju
  An alligator zombie (Crypt:1)
  15 hippogriffs
  2 fire dragon zombies
  94 slime creatures
  13 snapping turtles
  2 ice dragon skeletons
  A slime creature (shapeshifter) (Zig:17)
  A dream sheep (shapeshifter) (Zig:17)
  22 flying skulls
  6 redbacks
  A frost giant simulacrum (Vaults:2)
  69 large abominations
  2 shadows
  A vampire (Zig:16)
  An air elemental (Elf:3)
  5 tarantellas
  A tarantella (shapeshifter) (Elf:1)
  2 yaks (shapeshifter)
  11 water elementals
  A fire dragon skeleton (Crypt:1)
  47 yaks
  A redback (shapeshifter) (Zig:17)
  8 wyverns
  47 ynoxinuls
  10 fire elementals
  2 humans (D:14)
  11 wraiths
  3 elf zombies (Zig:20)
  Grum (D:10)
  2 hungry ghosts
  2 fire bats (Depths:1)
  6 basilisks
  A human (shapeshifter) (Vaults:3)
  19 golden eyes
  25 neqoxecs
  3 steam dragons
  19 chaos spawn
  5 swamp worms (D:13)
  3 wargs
  2 yaktaur simulacra
  2 soldier ants
  9 insubstantial wisps
  56 nagas
  A water nymph zombie (Crypt:1)
  A swamp worm (shapeshifter) (Vaults:1)
  A hydra simulacrum (Hell)
  3 spiny frog zombies (Hell)
  3 tengu skeletons
  An acid dragon (Vaults:1)
  A floating eye (shapeshifter) (Vaults:5)
  13 water moccasins
  2 floating eyes
  7 hell hounds
  15 porcupines
  73 orc warriors
  An alligator simulacrum (Hell)
  4 ice beasts
  3 sky beasts
  A phantom (D:14)
  13 eyes of draining
  A lindwurm zombie (Crypt:2)
  2 eyes of draining (shapeshifter)
  4 necrophages
  4 slaves (D:7)
  An ettin simulacrum (Zig:9)
  9 boggarts
  A hog zombie (Crypt:1)
  19 wolves
  53 ogres
  An elephant skeleton (Crypt:1)
  18 centaurs
  A boggart (shapeshifter) (Depths:3)
  13 crocodiles
  2 snapping turtle skeletons
  A big kobold (shapeshifter) (Vaults:4)
  A crocodile (shapeshifter) (Depths:2)
  Blork the orc (Orc:2)
  20 bullfrogs
  A big kobold (D:12)
  9 earth elementals
  A scorpion (shapeshifter) (Vaults:1)
  6 scorpions
  A killer bee (D:8)
  28 wights
  A troll skeleton (Pan)
  3 centaur zombies
  4 lava snakes (Lair:6)
  6 crimson imps
  4 quasits
  2 draconian simulacra (IceCv)
  3 hounds
  8 small abominations
  23 orc priests
  3 human zombies (Crypt:1)
  5 iron imps
  5 jellies
  4 centaur skeletons
  2 bullfrog skeletons
  2 gnoll shamans (D:7)
  6 iguanas
  35 orc wizards
  9 worker ants
  4 hell rats
  A troll simulacrum (IceCv)
  A killer bee zombie (D:5)
  A centaur simulacrum (IceCv)
  A naga skeleton (Crypt:2)
  An ogre zombie (Crypt:2)
  3 hound zombies
  A deep dwarf skeleton (Crypt:2)
  A hound skeleton (D:11)
  7 mummies (Crypt:1)
  6 gnolls (D:7)
  6 naga simulacra (IceCv)
  A steam dragon zombie (Crypt:1)
  20 adders
  3 shadow imps
  A white imp (Depths:1)
  2 oozes
  2 ufetubi
  An adder skeleton (D:5)
  2 worms
  A ball lightning (Pan)
  5 dart slugs
  3 leopard geckos
  123 orcs
  A bat skeleton (D:2)
  6 giant cockroaches
  3 goblins
  10 hobgoblins
  11 jackals
  8 kobolds
  4 quokkas
  2 ball pythons
  3 bats
  6 frilled lizards
  2 kobold zombies
  An orc skeleton (Pan)
  A quokka skeleton (Crypt:1)
  11 rats
  A rat zombie (Crypt:2)
  A butterfly (D:10)
  4 crawling corpses (Elf:3)
  4 fungi
  A lurking horror (Abyss:2)
  15 plants
  8 starspawn tentacles
3881 creatures vanquished.

Vanquished Creatures (others)
  An eldritch tentacle (Pan)
  2 death cobs (Zot:2)
  A frost giant (Depths:2)
  A draconian annihilator (Pan)
  A green death (Pan)
  A naga sharpshooter (Snake:4)
  A deep elf knight (Elf:2)
  An unseen horror (D:10)
  A wizard (Pan)
  A hellwing (Pan)
  A water elemental (Elf:1)
  An ogre (Zig:18)
  An orc wizard (D:14)
  A ball lightning (Pan)
  A demonic plant (D:10)
  7 fungi
  42 plants
  14 starspawn tentacles
  8 tentacles (Shoals:4)
  3 withered plants (Lair:3)
90 creatures vanquished.

Grand Total: 3971 creatures vanquished

Notes
Turn   | Place    | Note
-------+----------+-------------------------------------------
     0 | D:1      | Lanoc the Demonspawn Gladiator began the quest for the Orb.
     0 | D:1      | Reached XP level 1. HP: 16/16 MP: 1/1
   186 | D:1      | Gained mutation: You are partially covered in large bone
                  | plates. (SH +4) [demonic ancestry]
   186 | D:1      | Reached XP level 2. HP: 17/22 MP: 2/2
   425 | D:1      | Reached skill level 1 in Armour
   592 | D:2      | Reached XP level 3. HP: 18/28 MP: 3/3
  1239 | D:2      | Reached XP level 4. HP: 27/34 MP: 4/4
  1342 | D:2      | Found a snail-covered altar of Cheibriados.
  1437 | D:2      | Found a glowing silver altar of Zin.
  1889 | D:3      | Reached XP level 5. HP: 15/41 MP: 5/5
  2097 | D:3      | Noticed a +0 hand axe
  2098 | D:3      | Noticed a +0 hand axe
  2100 | D:3      | Found a hide-covered altar of Uskayaw.
  2122 | D:3      | Became a worshipper of Uskayaw the Reveler
  2125 | D:3      | Reached * piety under Uskayaw
  2489 | D:3      | Found a sparkling altar of Nemelex Xobeh.
  2618 | D:3      | Reached ** piety under Uskayaw
  2621 | D:3      | Reached *** piety under Uskayaw
  3013 | D:4      | Reached skill level 1 in Invocations
  3013 | D:4      | Gained mutation: You are slightly more attuned to the
                  | shadows. [demonic ancestry]
  3013 | D:4      | Reached XP level 6. HP: 48/48 MP: 6/6
  3032 | D:4      | Found Haluumyu's Food Emporium.
  3185 | D:4      | Reached **** piety under Uskayaw
  3383 | D:4      | Found a staircase to the Ecumenical Temple.
  3389 | Temple   | Entered the Ecumenical Temple
  3414 | D:4      | Reached skill level 2 in Invocations
  3670 | D:4      | Reached XP level 7. HP: 46/54 MP: 8/8
  3744 | D:5      | Entered Level 5 of the Dungeon
  4120 | D:5      | Reached skill level 3 in Invocations
  4580 | D:5      | Noticed a two-headed ogre
  4791 | D:5      | Found a shadowy altar of Dithmenos.
  5401 | D:6      | Reached XP level 8. HP: 46/61 MP: 10/10
  6116 | D:6      | Reached skill level 5 in Axes
  6116 | D:6      | Reached skill level 4 in Invocations
  6480 | D:6      | Reached skill level 5 in Dodging
  6924 | D:6      | Reached skill level 5 in Fighting
  7614 | D:7      | Found a basalt altar of Yredelemnul.
  7663 | D:7      | Reached skill level 5 in Invocations
  7685 | D:7      | Identified the +7 plate armour "Ceovyps" {rN+ Int+2}
  7688 | D:7      | Noticed a hippogriff
  7688 | D:7      | Reached ***** piety under Uskayaw
  7718 | D:7      | Killed a hippogriff
  7718 | D:7      | Gained mutation: You regenerate a little health from kills.
                  | [demonic ancestry]
  7718 | D:7      | Reached XP level 9. HP: 48/68 MP: 11/13
  7829 | D:7      | Found Vaeck's Armour Boutique.
  7855 | D:7      | Noticed Harold
  7874 | D:7      | Killed Harold
  7874 | D:7      | Reached skill level 5 in Armour
  7874 | D:7      | Reached skill level 6 in Invocations
  8259 | D:7      | Found an iron altar of Okawaru.
  8832 | D:7      | Found an opulent altar of Gozag.
  8866 | D:7      | Noticed Pikel
  8880 | D:7      | Killed Pikel
  8880 | D:7      | Reached skill level 7 in Invocations
  8880 | D:7      | Gained mutation: You are significantly more attuned to the
                  | shadows. [demonic ancestry]
  8880 | D:7      | Reached XP level 10. HP: 36/77 MP: 15/15
  9252 | D:8      | Paralysed by a hornet for 3 turns
  9265 | D:8      | Paralysed by a hornet for 3 turns
 10054 | D:8      | Found a hazy altar of Hepliaklqana.
 10169 | D:8      | Noticed a two-headed ogre
 10231 | D:8      | Noticed a moth of wrath
 10234 | D:8      | Found a bloodstained altar of Trog.
 10251 | D:8      | Got an ivory flail
 10252 | D:8      | Identified the cursed +1 flail of Linearity {protect,
                  | Stlth+} (You found it on level 8 of the Dungeon)
 10415 | D:8      | Found an ancient bone altar of Kikubaaqudgha.
 10892 | D:9      | Found a staircase to the Lair.
 11066 | D:9      | Reached skill level 8 in Invocations
 11414 | D:10     | Entered Level 10 of the Dungeon
 11414 | D:10     | Noticed Erica
 11446 | D:10     | Killed Erica
 11773 | D:10     | Reached ****** piety under Uskayaw
 11777 | D:10     | Gained mutation: You have sharp fingernails. [demonic
                  | ancestry]
 11777 | D:10     | Reached XP level 11. HP: 61/84 MP: 17/17
 12069 | D:10     | Killed an unseen horror
 12234 | D:10     | Reached skill level 9 in Invocations
 12237 | D:10     | Found a corrupted altar of Lugonu.
 12352 | D:10     | Noticed Gastronok
 12359 | D:10     | Noticed Grum
 12369 | D:10     | Killed Grum
 12379 | D:10     | Killed Gastronok
 12477 | D:11     | Noticed a white ugly thing
 12499 | D:10     | Killed a white ugly thing
 12828 | D:11     | Noticed a death knight
 12853 | D:11     | Killed a death knight
 12853 | D:11     | Reached skill level 10 in Axes
 13185 | D:11     | Noticed a two-headed ogre
 13202 | D:11     | Killed a two-headed ogre
 13519 | D:11     | Reached skill level 10 in Invocations
 13754 | D:11     | Noticed a brown ugly thing
 13755 | D:11     | Noticed Erolcha
 13767 | D:11     | Gained mutation: You regenerate health from kills. [demonic
                  | ancestry]
 13767 | D:11     | Reached XP level 12. HP: 47/94 MP: 19/19
 13775 | D:11     | Killed Erolcha
 14538 | D:12     | Noticed an ice dragon
 14583 | D:12     | Killed an ice dragon
 14593 | D:12     | Found a frozen archway.
 14811 | IceCv    | Entered an ice cave
 15759 | IceCv    | Got a pitted ring mail
 15761 | IceCv    | Got a pair of shimmering gloves
 15772 | IceCv    | Identified the +2 ring mail of Fun and Games {+Inv Dex+4}
                  | (You found it in an ice cave)
 15783 | IceCv    | Identified the +0 pair of gloves of the Hall of Blades {rC+
                  | MP+9 Dex+3} (You found it in an ice cave)
 15931 | IceCv    | Reached skill level 11 in Invocations
 16628 | D:12     | Noticed a centaur warrior
 16634 | D:12     | Noticed a two-headed ogre
 16640 | D:12     | Killed a centaur warrior
 16647 | D:12     | Killed a two-headed ogre
 16983 | D:12     | Found a staircase to the Orcish Mines.
 16993 | D:12     | Gained mutation: You have very sharp fingernails. [demonic
                  | ancestry]
 16993 | D:12     | Reached XP level 13. HP: 101/101 MP: 21/21
 17039 | Orc:1    | Entered Level 1 of the Orcish Mines
 17096 | Orc:2    | Entered Level 2 of the Orcish Mines
 17186 | Orc:2    | Noticed Blork the orc
 17731 | Lair:1   | Entered Level 1 of the Lair of Beasts
 17907 | Lair:1   | You fall through a shaft!
 18094 | Lair:1   | Found a gate leading to a gauntlet.
 18102 | Gauntlet | Entered a Gauntlet
 18102 | Gauntlet | Found a transporter.
 18102 | Gauntlet | Found a transporter.
 18114 | Gauntlet | Found a transporter.
 18118 | Gauntlet | Found a transporter.
 18143 | Gauntlet | Found a large runed translucent door.
 18144 | Gauntlet | Found a large runed translucent door.
 18146 | Gauntlet | Found a runed translucent gate.
 18147 | Gauntlet | Found a large runed translucent door.
 18147 | Gauntlet | Found a transporter.
 18148 | Gauntlet | Found a large runed translucent door.
 18149 | Gauntlet | Found a large runed translucent door.
 18149 | Gauntlet | Found a large runed translucent door.
 18149 | Gauntlet | Found a runed translucent door.
 18150 | Gauntlet | Found a large runed translucent door.
 18151 | Gauntlet | Found a large runed translucent door.
 18164 | Gauntlet | Found a transporter.
 18164 | Gauntlet | Found a runed translucent gate.
 18164 | Gauntlet | Found a transporter.
 18164 | Gauntlet | Noticed a dire elephant
 18165 | Gauntlet | Found a runed translucent gate.
 18167 | Gauntlet | Found a large runed translucent door.
 18168 | Gauntlet | Found a large runed translucent door.
 18181 | Gauntlet | Found a transporter.
 18207 | Gauntlet | Found a transporter.
 18248 | Gauntlet | Found a transporter.
 18256 | Gauntlet | Found a transporter.
 18277 | Gauntlet | Found a transporter.
 18277 | Gauntlet | Noticed a blizzard demon
 18285 | Gauntlet | Found a transporter.
 18383 | Gauntlet | Found a transporter.
 18404 | Gauntlet | Found a transporter.
 18412 | Gauntlet | Found a transporter.
 18414 | Gauntlet | Found a large runed translucent door.
 18420 | Gauntlet | Found a large runed translucent door.
 18421 | Gauntlet | Found a large runed translucent door.
 18421 | Gauntlet | Found a large runed translucent door.
 18421 | Gauntlet | Found a runed translucent door.
 18422 | Gauntlet | Found a large runed translucent door.
 18423 | Gauntlet | Found a large runed translucent door.
 18555 | Gauntlet | Got a slimy great sword
 18556 | Gauntlet | Identified the +5 great sword of the Lurker {flame, +Rage
                  | rF++ rN+ Stlth-} (You found it in a Gauntlet)
 18614 | Gauntlet | Paralysed by you for 3 turns
 18635 | Gauntlet | Got a faintly glowing silver ring
 18637 | Gauntlet | Got a polished helmet
 18648 | Gauntlet | Identified the cursed +0 helmet of Xogajac {*Drain rC+
                  | Int+2 Dex+3} (You found it in a Gauntlet)
 18649 | Gauntlet | Identified the ring "Sutaext" {Ice *Slow +Fly Int+3} (You
                  | found it in a Gauntlet)
 18871 | Gauntlet | Killed a dire elephant
 18927 | Gauntlet | Noticed a minotaur
 18958 | Gauntlet | Killed a minotaur
 18958 | Gauntlet | Reached skill level 10 in Fighting
 18965 | Gauntlet | Got a vibrating iron ring
 19462 | Lair:1   | Reached skill level 12 in Invocations
 19469 | Lair:1   | Identified the ring of Tumudaung {MR+ Slay+3 SInv Stlth+}
                  | (You found it in a Gauntlet)
 19958 | Lair:2   | Found a staircase to the Snake Pit.
 20574 | Lair:2   | Identified a scroll of acquirement
 20812 | Lair:2   | Got a crystal executioner's axe
 20813 | Lair:2   | Identified the +10 executioner's axe of Bodily Harmony
                  | {freeze, rElec MR+ Dex+3} (You acquired it on level 2 of
                  | the Lair of Beasts)
 21041 | Lair:3   | Found a runed translucent gate.
 21041 | Lair:3   | Found a runed translucent gate.
 21042 | Lair:3   | Found a runed translucent gate.
 21042 | Lair:3   | Noticed Naizifi's ghost (journeyman KoNe)
 21043 | Lair:3   | Noticed Plog's ghost (journeyman MiBe)
 21835 | Lair:4   | Found a staircase to the Shoals.
 21848 | Lair:4   | Reached skill level 10 in Dodging
 22084 | Lair:4   | Gained mutation: Your flesh is heat resistant. (rF+)
                  | [demonic ancestry]
 22084 | Lair:4   | Reached XP level 14. HP: 111/111 MP: 23/23
 23724 | Lair:6   | Entered Level 6 of the Lair of Beasts
 23772 | Lair:6   | Reached skill level 13 in Invocations
 23909 | Lair:6   | Noticed Nessos
 23915 | Lair:6   | Killed Nessos
 24213 | Lair:6   | Reached skill level 10 in Armour
 24313 | Lair:6   | Found a staircase to the Slime Pits.
 24546 | Lair:6   | Found a large runed translucent door.
 24547 | Lair:6   | Found a large runed translucent door.
 25468 | Orc:2    | Found a staircase to the Elven Halls.
 25598 | Orc:2    | Noticed an orc warlord
 25604 | Orc:2    | Found a roughly hewn altar of Beogh.
 25607 | Orc:2    | Killed Blork the orc
 25614 | Orc:2    | Killed an orc warlord
 25640 | Orc:2    | Found Qaelum's Antique Armour Shop.
 25660 | Orc:2    | Found Antuenen's General Store.
 25666 | Orc:2    | Bought a potion of invisibility for 128 gold pieces
 25666 | Orc:2    | Bought a scroll of identify for 32 gold pieces
 25678 | Orc:2    | Found Ympelath's Antique Weapon Shop.
 25704 | Orc:2    | Found Gen Koacsui's Book Shop.
 25795 | Orc:2    | Noticed a stone giant
 25804 | Orc:2    | Killed a stone giant
 25804 | Orc:2    | Gained mutation: You are immune to clouds of flame.
                  | [demonic ancestry]
 25804 | Orc:2    | Reached XP level 15. HP: 35/119 MP: 25/25
 26660 | Orc:1    | Found a roughly hewn altar of Beogh.
 27034 | D:13     | Reached skill level 14 in Invocations
 27778 | D:14     | Found a gate to the Vaults.
 28621 | D:15     | Entered Level 15 of the Dungeon
 28673 | D:15     | Found a staircase to the Depths.
 28975 | D:15     | Found a runed translucent gate.
 28978 | D:15     | Found a runed translucent gate.
 28978 | D:15     | Noticed feelmyfire's ghost (adept SpAs)
 28979 | D:15     | Found a runed translucent gate.
 29244 | D:15     | Reached skill level 15 in Axes
 29560 | D:15     | Got a pitted hat
 29563 | D:15     | Got an ichor-stained broad axe
 29583 | D:14     | Identified the cursed +2 broad axe of Irritation {protect,
                  | rF+} (You found it on level 15 of the Dungeon)
 29713 | Elf:1    | Entered Level 1 of the Elven Halls
 29723 | Elf:1    | Gained mutation: You regenerate a lot of health from kills.
                  | [demonic ancestry]
 29723 | Elf:1    | Reached XP level 16. HP: 57/127 MP: 27/27
 30355 | Elf:1    | Identified Sif Muna's Guide on Conjuration
 30407 | Elf:1    | Found a runed translucent gate.
 30408 | Elf:1    | Found a runed translucent gate.
 30409 | Elf:1    | Found a runed translucent gate.
 30409 | Elf:1    | Found an opulent altar of Gozag.
 30411 | Elf:1    | Found Qyefann's Assorted Antiques.
 30411 | Elf:1    | Noticed Wikobylo's ghost (adept NaGl)
 30463 | Elf:1    | Reached skill level 15 in Invocations
 30510 | Elf:1    | You fall through a shaft!
 31151 | Elf:2    | Found a runed translucent gate.
 31152 | Elf:2    | Found a runed translucent gate.
 31154 | Elf:2    | Found a runed translucent gate.
 32142 | Elf:2    | Got a heavily runed chain mail
 32153 | Elf:2    | Identified the cursed +1 chain mail of Lucidity {Str+6
                  | Dex-3 SInv} (You found it on level 2 of the Elven Halls)
 32600 | Elf:1    | Found a huge runed gate.
 32600 | Elf:1    | Found a huge runed gate.
 32604 | Elf:1    | Found a huge runed gate.
 33193 | Shoals:1 | Entered Level 1 of the Shoals
 33243 | Shoals:1 | Gained mutation: You have claws for hands. [demonic
                  | ancestry]
 33243 | Shoals:1 | Reached XP level 17. HP: 123/136 MP: 28/28
 33570 | Shoals:1 | Reached skill level 16 in Invocations
 33783 | Shoals:1 | Noticed Roxanne
 33965 | Shoals:1 | Killed Roxanne
 34275 | Shoals:1 | Learned a level 1 spell: Apportation
 34277 | Shoals:1 | Learned a level 1 spell: Summon Butterflies
 35647 | Shoals:3 | Noticed Ilsuiw
 35657 | Shoals:3 | Killed Ilsuiw
 36493 | Shoals:4 | Entered Level 4 of the Shoals
 37489 | Shoals:4 | Identified Menuss's Catalogue of Fetching Black Secrets
 37771 | Shoals:4 | Got a scintillating iron ring
 37773 | Shoals:4 | Identified the ring of the Modern Wishes {rN+ MP+9 Str+4
                  | Dex+4} (You found it on level 4 of the Shoals)
 37861 | Shoals:4 | HP: 6/138 [poisoned by a merfolk javelineer]
 37866 | Shoals:4 | HP: 5/138 [poisoned by a merfolk javelineer]
 37871 | Shoals:4 | HP: 5/138 [poisoned by a merfolk javelineer]
 37878 | Shoals:4 | HP: 5/138 [poisoned by a merfolk javelineer]
 37886 | Shoals:4 | HP: 6/138 [poisoned by a merfolk javelineer]
 38345 | Shoals:4 | Reached XP level 18. HP: 145/145 MP: 30/30
 38706 | Shoals:4 | Got a barnacled rune of Zot
 39251 | Vaults:1 | Entered Level 1 of the Vaults
 39476 | Vaults:1 | Reached skill level 17 in Invocations
 39972 | Vaults:1 | Noticed Asterion
 39972 | Vaults:1 | Noticed Sojobo
 40847 | Vaults:1 | Killed Sojobo
 41040 | Vaults:1 | Killed Asterion
 41404 | Vaults:2 | Reached XP level 19. HP: 136/153 MP: 31/31
 42589 | Vaults:3 | Reached skill level 18 in Invocations
 42873 | Vaults:3 | Reached skill level 15 in Fighting
 43093 | Vaults:3 | Found Paeleuzy's Food Shoppe.
 43154 | Vaults:3 | Identified the +8 dagger "Jehusyda" {pierce, MR+++ MP+9}
 43184 | Vaults:3 | Noticed Mara
 43193 | Vaults:3 | Killed Mara
 43345 | Vaults:3 | Found a staircase to the Crypt.
 43888 | Vaults:4 | Gained mutation: You are mostly covered in large bone
                  | plates. (SH +6) [demonic ancestry]
 43888 | Vaults:4 | Reached XP level 20. HP: 162/162 MP: 33/33
 44306 | Vaults:4 | Got a brightly glowing glaive
 44307 | Vaults:4 | Identified the +8 glaive "Guoj Vux" {chop, +Rage rC+ Str+4
                  | Int+3} (You found it on level 4 of the Vaults)
 44790 | Vaults:4 | Got a distressingly furry leather armour
 44801 | Vaults:4 | Identified the +2 leather armour of the Wumpus {rC+ Str+3
                  | Stlth+} (You found it on level 4 of the Vaults)
 45150 | Vaults:4 | Got an iridescent hand axe
 45151 | Vaults:4 | Identified the +12 hand axe "Newt's Nightmare" {freeze,
                  | Str+4 Dex+8} (You found it on level 4 of the Vaults)
 45197 | Vaults:4 | Found Syopt's Antique Weapon Shoppe.
 45357 | Vaults:5 | Entered Level 5 of the Vaults
 45362 | Vaults:5 | Reached skill level 19 in Invocations
 45417 | Vaults:5 | Gained mutation: You can hurl damnation. [demonic ancestry]
 45417 | Vaults:5 | Reached XP level 21. HP: 118/170 MP: 34/34
 45450 | Vaults:5 | Reached skill level 15 in Dodging
 45598 | Vaults:5 | Identified the cursed +2 falchion "Vunlustro" {venom, *Rage
                  | rElec MR+}
 45628 | Vaults:5 | Reached skill level 15 in Armour
 45832 | Vaults:5 | Reached skill level 20 in Invocations
 45853 | Vaults:5 | Identified the +0 hat of Oriluxayga {rC+ Dex+7} (You found
                  | it on level 15 of the Dungeon)
 45879 | Vaults:5 | Got a silver rune of Zot
 46060 | Vaults:5 | Identified the cursed +0 morningstar of the Inquisitive
                  | Mice {freeze, *Drain MP+9 Int+5}
 46080 | Vaults:5 | Identified the ring of the Aged Wishes {Dex+4 SInv Stlth-}
 46080 | Vaults:5 | Noticed Frederick
 46089 | Vaults:5 | Killed Frederick
 46089 | Vaults:5 | Reached XP level 22. HP: 118/180 MP: 36/36
 46106 | Vaults:5 | Noticed a golden dragon
 46113 | Vaults:5 | Killed a golden dragon
 46506 | Vaults:5 | Identified the Incunabulum of the Eternal Void
 46953 | Vaults:5 | Identified Luublokh's Last Handbook of the Archmage
 47312 | Crypt:1  | Entered Level 1 of the Crypt
 47761 | Crypt:1  | Noticed Ratty's ghost (adept DsFi)
 47762 | Crypt:1  | Noticed an ancient lich
 47771 | Crypt:1  | Found a runed translucent gate.
 47771 | Crypt:1  | Found a runed translucent gate.
 47783 | Crypt:1  | Found a runed translucent gate.
 47796 | Crypt:1  | Killed an ancient lich
 47796 | Crypt:1  | Killed Ratty's ghost
 47814 | Crypt:1  | Identified the amulet "Rutuboz" {Reflect +Inv rPois Int-4
                  | Dex-5 SH+4} (You found it on level 1 of the Crypt)
 47821 | Crypt:1  | Got a shimmering cloak
 47832 | Crypt:1  | Identified the +2 cloak "Ycim" {rC+} (You found it on level
                  | 1 of the Crypt)
 48923 | Crypt:3  | Entered Level 3 of the Crypt
 49064 | Crypt:3  | Gained mutation: You are completely attuned to the shadows.
                  | [demonic ancestry]
 49064 | Crypt:3  | Reached XP level 23. HP: 173/188 MP: 37/37
 49117 | Crypt:3  | Found a basalt altar of Yredelemnul.
 49117 | Crypt:3  | Noticed an ancient lich
 49126 | Crypt:3  | Killed an ancient lich
 49126 | Crypt:3  | Reached skill level 21 in Invocations
 49284 | Crypt:3  | Found the +7 mace of Variability {chain chaos}
 49291 | Crypt:3  | Identified Rawureqa's Compendium of Black Secrets
 49810 | Crypt:3  | Found a staircase to the Tomb.
 50320 | Snake:1  | Entered Level 1 of the Snake Pit
 50322 | Snake:1  | Found Foint's Book Emporium.
 51752 | Snake:3  | Noticed Vashnia
 51761 | Snake:3  | Noticed Louise
 51764 | Snake:3  | Killed Vashnia
 51769 | Snake:3  | Killed Louise
 52685 | Snake:4  | Entered Level 4 of the Snake Pit
 52704 | Snake:4  | Noticed Agnes
 52719 | Snake:4  | Killed Agnes
 53209 | Snake:4  | Reached XP level 24. HP: 197/197 MP: 37/37
 53484 | Snake:4  | Got a serpentine rune of Zot
 53963 | Depths:1 | Entered Level 1 of the Depths
 54254 | Depths:1 | Reached skill level 22 in Invocations
 54352 | Depths:1 | Found a one-way gate leading to the halls of Pandemonium.
 54474 | Depths:1 | Found a one-way gate to the infinite horrors of the Abyss.
 54529 | Depths:1 | Gained mutation: You possess an exceptional clarity of
                  | mind. [a shining eye]
 54530 | Depths:1 | Paralysed by a floating eye for 3 turns
 54691 | Depths:1 | Found a gateway to Hell.
 55140 | Depths:2 | Noticed Saint Roka
 55157 | Depths:2 | Killed Saint Roka
 55242 | Depths:2 | Noticed Nikola
 55249 | Depths:2 | Found a sparkling altar of Nemelex Xobeh.
 55254 | Depths:2 | Killed Nikola
 56203 | Depths:3 | Gained mutation: You are completely covered in large bone
                  | plates. (SH +8) [demonic ancestry]
 56203 | Depths:3 | Reached XP level 25. HP: 206/206 MP: 38/38
 57156 | Depths:4 | Found a gateway to a ziggurat.
 57523 | Depths:4 | Found a runed translucent door.
 57575 | Depths:4 | Found a runed translucent door.
 58006 | Depths:4 | Found a runed translucent door.
 58018 | Depths:4 | Reached skill level 23 in Invocations
 58029 | Depths:4 | Paralysed by a floating eye for 4 turns
 58049 | Depths:4 | Paralysed by a floating eye for 3 turns
 58460 | Depths:4 | Paralysed by a floating eye for 3 turns
 58490 | Depths:4 | Got a polished demon trident
 58491 | Depths:4 | Identified the cursed +1 demon trident of a wizard's
                  | laboratory {pain, Str+3} (You found it on level 4 of the
                  | Depths)
 58645 | Depths:5 | Entered Level 5 of the Depths
 58749 | Depths:5 | Found a gate to the Realm of Zot.
 59473 | Depths:5 | Reached XP level 26. HP: 198/215 MP: 38/38
 59792 | Depths:5 | Noticed a juggernaut
 59797 | Depths:5 | Killed a juggernaut
 60736 | Zot:1    | Entered Level 1 of the Realm of Zot
 61922 | Zot:1    | Found a stormy altar of Qazlal.
 61923 | Zot:1    | Noticed an ancient lich
 61940 | Zot:1    | Killed an ancient lich
 61940 | Zot:1    | Reached skill level 24 in Invocations
 62317 | Zot:2    | Reached XP level 27. HP: 168/224 MP: 39/39
 66583 | Depths:4 | Voluntarily entered the Abyss.
 66625 | Abyss:1  | Found a hazy altar of Hepliaklqana.
 66734 | Abyss:1  | Reached skill level 25 in Invocations
 67148 | Abyss:3  | Found a corrupted altar of Lugonu.
 67162 | Abyss:3  | Got a bound glass ring
 67169 | Abyss:3  | Identified the ring "Koloaj" {rElec rN++ Int+2 Dex-2 SInv}
                  | (You found it on level 3 of the Abyss)
 67471 | Abyss:3  | Found a glowing golden altar of the Shining One.
 67511 | Abyss:3  | Got an abyssal rune of Zot
 67563 | Depths:4 | Escaped the Abyss
 67920 | Lair:3   | Killed Plog's ghost
 67923 | Lair:3   | Killed Naizifi's ghost
 68012 | Slime:1  | Entered Level 1 of the Pits of Slime
 68222 | Slime:1  | Reached skill level 1 in Bows
 68375 | Slime:1  | Found a viscous altar of Jiyva.
 68624 | Slime:2  | Gained mutation: You do not regenerate when monsters are
                  | visible. [a shining eye]
 68625 | Slime:2  | Gained mutation: Your magical capacity is low. (-10% MP) [a
                  | shining eye]
 68701 | Slime:2  | Gained mutation: Your body sometimes deteriorates upon
                  | taking damage. [a shining eye]
 69145 | Slime:2  | Gained mutation: You are weak. (Str -2) [a shining eye]
 69147 | Slime:2  | Gained mutation: You occasionally shout uncontrollably at
                  | your foes. [a shining eye]
 69231 | Slime:2  | Found a viscous altar of Jiyva.
 69663 | Slime:4  | Gained mutation: You are very weak. (Str -4) [a shining
                  | eye]
 69667 | Slime:4  | Gained mutation: You are covered in fur. (AC +1) [a shining
                  | eye]
 69988 | Slime:5  | Entered Level 5 of the Pits of Slime
 70017 | Slime:5  | Noticed the Royal Jelly
 70019 | Slime:5  | Killed the Royal Jelly
 70032 | Slime:5  | Gained mutation: You are dopey. (Int -2) [a shining eye]
 70039 | Slime:4  | Lost mutation: You are very weak. (Str -4) [potion of
                  | mutation]
 70039 | Slime:4  | Lost mutation: You are dopey. (Int -2) [potion of mutation]
 70039 | Slime:4  | Lost mutation: You are weak. (Str -2) [potion of mutation]
 70039 | Slime:4  | Lost mutation: You possess an exceptional clarity of mind.
                  | [potion of mutation]
 70039 | Slime:4  | Lost mutation: Your magical capacity is low. (-10% MP)
                  | [potion of mutation]
 70039 | Slime:4  | Gained mutation: You are resistant to electric shocks.
                  | (rElec) [potion of mutation]
 70039 | Slime:4  | Gained mutation: You expend magic power (3 MP) to
                  | strengthen your wands. [potion of mutation]
 70040 | Slime:4  | Lost mutation: You do not regenerate when monsters are
                  | visible. [potion of mutation]
 70040 | Slime:4  | Lost mutation: You occasionally shout uncontrollably at
                  | your foes. [potion of mutation]
 70040 | Slime:4  | Lost mutation: You expend magic power (3 MP) to strengthen
                  | your wands. [potion of mutation]
 70040 | Slime:4  | Gained mutation: Your flesh is very heat resistant. (rF++)
                  | [potion of mutation]
 70040 | Slime:4  | Gained mutation: You have large cloven feet. [potion of
                  | mutation]
 70251 | Slime:5  | Identified the Papyrus of the Glacier
 70290 | Slime:5  | Got a shimmering bone ring
 70295 | Slime:5  | Identified the ring of Twilight {MR+ Int-3 Dex+2 Stlth-}
                  | (You found it on level 5 of the Pits of Slime)
 70296 | Slime:5  | Identified the +8 hand crossbow of Blood {flame, rF+ rC+
                  | Dex+3} (You found it on level 5 of the Pits of Slime)
 70306 | Slime:5  | Identified the Reference Book on Transmigration and the
                  | Frostbite
 70310 | Slime:5  | Identified the Reference Book on Contamination and
                  | Augmentations
 70356 | Slime:5  | Got a slimy rune of Zot
 70808 | Slime:4  | Lost mutation: Your body sometimes deteriorates upon taking
                  | damage. [potion of mutation]
 70808 | Slime:4  | Lost mutation: You have large cloven feet. [potion of
                  | mutation]
 70808 | Slime:4  | Lost mutation: You are covered in fur. (AC +1) [potion of
                  | mutation]
 70808 | Slime:4  | Lost mutation: You are resistant to electric shocks.
                  | (rElec) [potion of mutation]
 70808 | Slime:4  | Gained mutation: You are agile. (Dex +2) [potion of
                  | mutation]
 70808 | Slime:4  | Gained mutation: You expend magic power (3 MP) to
                  | strengthen your wands. [potion of mutation]
 71208 | Hell     | Entered the Vestibule of Hell
 71208 | Hell     | Noticed Geryon
 71221 | Hell     | Killed Geryon
 71268 | Hell     | Reached skill level 5 in Bows
 71417 | Hell     | Found a gateway to the freezing wastes of Cocytus.
 71495 | Hell     | Found a gateway to the decaying netherworld of Tartarus.
 71552 | Hell     | Found a gateway to the ashen valley of Gehenna.
 71624 | Hell     | Found a gateway to the Iron City of Dis.
 71975 | Elf:1    | Found a huge runed gate.
 71975 | Elf:1    | Found a huge runed gate.
 71976 | Elf:1    | Found a huge runed gate.
 72349 | Elf:1    | Found a huge runed gate.
 72350 | Elf:1    | Found a huge runed gate.
 72352 | Elf:1    | Found a huge runed gate.
 72352 | Elf:1    | Found a huge runed gate.
 72352 | Elf:1    | Found a huge runed gate.
 72353 | Elf:1    | Found a huge runed gate.
 72354 | Elf:1    | Found a huge runed gate.
 72355 | Elf:1    | Found a huge runed gate.
 72356 | Elf:1    | Found a huge runed gate.
 72370 | Elf:1    | Found a huge runed gate.
 72370 | Elf:1    | Found a huge runed gate.
 72370 | Elf:1    | Found a huge runed gate.
 72520 | Elf:1    | Killed Wikobylo's ghost
 72561 | Elf:1    | Bought a scroll of enchant armour for 247 gold pieces
 72561 | Elf:1    | Bought a scroll of identify for 66 gold pieces
 72561 | Elf:1    | Bought a potion of haste for 330 gold pieces
 72609 | Elf:3    | Entered Level 3 of the Elven Halls
 72878 | Elf:3    | Reached skill level 26 in Invocations
 72954 | Elf:3    | Found Tiagodar's Armour Emporium.
 72955 | Elf:3    | Found Ferr's Antique Weapon Emporium.
 72958 | Elf:3    | Found Joackyskesm's Food Emporium.
 72959 | Elf:3    | Found Asir Fugi's Assorted Antiques.
 72967 | Elf:3    | Bought a potion of haste for 340 gold pieces
 72967 | Elf:3    | Bought a scroll of brand weapon for 680 gold pieces
 72967 | Elf:3    | Bought a potion of haste for 340 gold pieces
 73176 | Elf:3    | Found the +3 Elemental Staff {rElec rF++ rC++ MR++ AC+5}
 73228 | Elf:3    | Got a vibrating lapis lazuli ring
 73230 | Elf:3    | Identified the ring of Kuynno {+Fly Str+5 Dex-5 SInv
                  | Stlth+} (You found it on level 3 of the Elven Halls)
 73264 | Elf:3    | Got a vibrating amber ring
 73266 | Elf:3    | Identified the ring "Faosuz" {*Tele rN+} (You found it on
                  | level 3 of the Elven Halls)
 73434 | Elf:3    | Found the +15 Maxwell's patent armour {-Cast -Tele rElec
                  | MR+ rCorr}
 73454 | Elf:3    | Identified the Incunabulum of Stolen Souls
 73488 | Elf:3    | Got a translucent granite ring
 73492 | Elf:3    | Identified the ring "Niza" {rC+ rN+} (You found it on level
                  | 3 of the Elven Halls)
 73677 | Elf:3    | Learned a level 8 spell: Necromutation
 73953 | Pan      | Entered Pandemonium
 74434 | Pan      | Reached skill level 1 in Necromancy
 74474 | Pan      | Noticed Loir the pandemonium lord
 74496 | Pan      | HP: 11/230 [??? (6)]
 74506 | Pan      | HP: 9/230 [Loir the pandemonium lord (13)]
 75405 | Pan      | Entered the realm of Gloorx Vloq.
 76405 | Pan      | Noticed Gloorx Vloq
 76406 | Pan      | Killed Gloorx Vloq
 76459 | Pan      | Got a dark rune of Zot
 76617 | Pan      | Noticed Utetasic the pandemonium lord
 76625 | Pan      | Killed Utetasic the pandemonium lord
 76778 | Pan      | Reached skill level 5 in Necromancy
 77579 | Pan      | Found an exit through the horrors of the Abyss.
 77719 | Pan      | Noticed Plog the pandemonium lord
 77723 | Pan      | Killed Plog the pandemonium lord
 77740 | Pan      | Reached skill level 27 in Invocations
 77768 | Pan      | Learned a level 2 spell: Sublimation of Blood
 78479 | Pan      | Entered the realm of Mnoleg.
 78480 | Pan      | Gained mutation: You are weak. (Str -2) [a neqoxec]
 78565 | Pan      | Gained mutation: Potions are less effective at restoring
                  | your health. [a cacodemon]
 78609 | Pan      | Found an exit through the horrors of the Abyss.
 78646 | Pan      | Gained mutation: Your body sometimes deteriorates upon
                  | taking damage. [a neqoxec]
 78661 | Pan      | Lost mutation: You are agile. (Dex +2) [potion of mutation]
 78661 | Pan      | Lost mutation: You are weak. (Str -2) [potion of mutation]
 78661 | Pan      | Lost mutation: Your flesh is very heat resistant. (rF++)
                  | [potion of mutation]
 78661 | Pan      | Lost mutation: Your body sometimes deteriorates upon taking
                  | damage. [potion of mutation]
 78661 | Pan      | Gained mutation: You possess an exceptional clarity of
                  | mind. [potion of mutation]
 78661 | Pan      | Lost mutation: You expend magic power (3 MP) to strengthen
                  | your wands. [potion of mutation]
 78661 | Pan      | Gained mutation: You are robust. (+10% HP) [potion of
                  | mutation]
 78661 | Pan      | Gained mutation: You have sharp toenails. [potion of
                  | mutation]
 78757 | Pan      | Gained mutation: You are weak. (Str -2) [a neqoxec]
 79035 | Pan      | Gained mutation: You are dopey. (Int -2) [a neqoxec]
 79036 | Pan      | Gained mutation: You are clumsy. (Dex -2) [a neqoxec]
 79038 | Pan      | Gained mutation: You are very weak. (Str -4) [a neqoxec]
 79187 | Pan      | Noticed Mnoleg
 79204 | Pan      | Gained mutation: You are very dopey. (Int -4) [Mnoleg's
                  | mutagenic touch]
 79213 | Pan      | Killed Mnoleg
 79215 | Pan      | Gained mutation: Scrolls take you a little longer to read.
                  | [a cacodemon]
 79246 | Pan      | Gained mutation: You are occasionally teleported next to
                  | monsters. [a neqoxec]
 79248 | Pan      | Lost mutation: You are robust. (+10% HP) [a neqoxec]
 79262 | Pan      | Got a glowing rune of Zot
 79383 | Pan      | Lost mutation: You are very dopey. (Int -4) [potion of
                  | mutation]
 79383 | Pan      | Lost mutation: Scrolls take you a little longer to read.
                  | [potion of mutation]
 79383 | Pan      | Lost mutation: You are occasionally teleported next to
                  | monsters. [potion of mutation]
 79383 | Pan      | Lost mutation: You are dopey. (Int -2) [potion of mutation]
 79383 | Pan      | Lost mutation: You are clumsy. (Dex -2) [potion of
                  | mutation]
 79383 | Pan      | Gained mutation: Your mind is acute. (Int +2) [potion of
                  | mutation]
 79383 | Pan      | Gained mutation: You are robust. (+10% HP) [potion of
                  | mutation]
 79383 | Pan      | Gained mutation: Your flesh is very heat resistant. (rF++)
                  | [potion of mutation]
 79768 | Pan      | Noticed Wooxi the pandemonium lord
 79777 | Pan      | Killed Wooxi the pandemonium lord
 79853 | Pan      | Got a demonic rune of Zot
 80411 | Pan      | Noticed Tuylybat the pandemonium lord
 80434 | Pan      | Killed Tuylybat the pandemonium lord
 80799 | Pan      | Found an exit through the horrors of the Abyss.
 81102 | Pan      | Reached skill level 10 in Necromancy
 82080 | Pan      | Noticed Wusiom the pandemonium lord
 82218 | Pan      | Killed Wusiom the pandemonium lord
 82469 | Pan      | Found a runed translucent door.
 82602 | Pan      | Found an exit through the horrors of the Abyss.
 82614 | Pan      | Noticed Aschario the pandemonium lord
 82622 | Pan      | Killed Aschario the pandemonium lord
 83756 | Pan      | Entered the realm of Lom Lobon.
 83800 | Pan      | Noticed Lom Lobon
 83813 | Pan      | Killed Lom Lobon
 83890 | Pan      | Got a magical rune of Zot
 84843 | Pan      | Entered the realm of Cerebov.
 84862 | Pan      | Got a wavering tin amulet
 84891 | Pan      | Identified the amulet "Ompiemod" {+Rage MR++ Int-2 Dex+5}
                  | (You found it in Pandemonium)
 85020 | Pan      | Identified the +3 shortbow of Stickiness {flame, rElec
                  | rPois rC+ MR+} (You found it in Pandemonium)
 85021 | Pan      | Identified the Almanac of the Captivating Birds
 85024 | Pan      | Identified the +5 hand axe of the Pit {drain, rC+ Stlth+}
                  | (You found it in Pandemonium)
 85075 | Pan      | Identified the +6 sword of Cerebov {flame}
 85075 | Pan      | Noticed Cerebov
 85234 | Pan      | Killed Cerebov
 85253 | Pan      | Got a fiery rune of Zot
 85557 | Pan      | Found an exit through the horrors of the Abyss.
 86165 | Pan      | Identified the ring "Zixt" {rC+ Int+2 Stlth+} (You found it
                  | in Pandemonium)
 86236 | Pan      | Took an exit into the Abyss.
 86236 | Abyss:1  | Escaped into the Abyss
 86484 | Depths:1 | Escaped the Abyss
 86620 | Zig:1    | Entered Level 1 of a ziggurat
 86637 | Zig:2    | Entered Level 2 of a ziggurat
 86671 | Zig:3    | Entered Level 3 of a ziggurat
 86676 | Zig:3    | Found the brooch of Shielding {Reflect SH+8}
 86707 | Zig:4    | Entered Level 4 of a ziggurat
 86713 | Zig:4    | Found the +0 pair of fencer's gloves {Riposte Dex+3}
 86766 | Zig:4    | Reached skill level 1 in Spellcasting
 86772 | Zig:4    | Learned a level 4 spell: Animate Dead
 86778 | Zig:4    | Learned a level 5 spell: Dispel Undead
 86784 | Zig:5    | Entered Level 5 of a ziggurat
 86798 | Zig:5    | Reached skill level 15 in Necromancy
 86817 | Zig:5    | Got a glittering amethyst amulet
 86838 | Zig:5    | Identified the amulet "Ygheloiw" {Inacc *Corrode rN+ MR+
                  | Dex+6} (You found it on level 5 of a ziggurat)
 86845 | Zig:6    | Entered Level 6 of a ziggurat
 86852 | Zig:6    | Noticed a juggernaut
 86860 | Zig:6    | Killed a juggernaut
 86906 | Zig:7    | Entered Level 7 of a ziggurat
 86920 | Zig:7    | Cast into level 4 of the Abyss (a lich)
 87090 | Abyss:4  | Paralysed by you for 6 turns
 87112 | Zig:7    | Escaped the Abyss
 87196 | Zig:8    | Entered Level 8 of a ziggurat
 87260 | Zig:9    | Entered Level 9 of a ziggurat
 87273 | Zig:9    | Paralysed by accursed screaming for 1 turns
 87331 | Zig:10   | Entered Level 10 of a ziggurat
 87376 | Zig:10   | Identified the Compendium of Earthen Conjuration
 87390 | Zig:11   | Entered Level 11 of a ziggurat
 87420 | Zig:11   | Found the +7 great mace "Undeadhunter" {disrupt, rN+}
 87459 | Zig:12   | Entered Level 12 of a ziggurat
 87582 | Zig:13   | Entered Level 13 of a ziggurat
 87609 | Zig:13   | Found the ring of Shadows {Umbra +Inv Stlth+}
 87676 | Zig:13   | Identified the +9 plate armour "Enegoh" {rC- Str+4 Dex+5
                  | Stlth+} (You found it on level 13 of a ziggurat)
 87701 | Zig:13   | Learned a level 3 spell: Vampiric Draining
 87705 | Zig:14   | Entered Level 14 of a ziggurat
 87797 | Zig:14   | Learned a level 3 spell: Regeneration
 87803 | Zig:15   | Entered Level 15 of a ziggurat
 87845 | Zig:15   | Found the +27 Lear's hauberk
 87847 | Zig:15   | Identified the Incunabulum of Envenoming and Displacement
 87855 | Zig:16   | Entered Level 16 of a ziggurat
 88021 | Zig:16   | Identified Sif Muna's Tome of Malediction and Contamination
 88046 | Zig:16   | Identified the ring "Diromurch" {rN+ MR+} (You found it on
                  | level 16 of a ziggurat)
 88055 | Zig:17   | Entered Level 17 of a ziggurat
 88073 | Zig:17   | Noticed an ancient lich
 88077 | Zig:17   | Killed an ancient lich
 88081 | Zig:17   | Noticed an ancient lich
 88086 | Zig:17   | Paralysed by a floating eye for 3 turns
 88103 | Zig:17   | Killed an ancient lich
 88103 | Zig:17   | Reached skill level 5 in Spellcasting
 88151 | Zig:17   | Got a pair of warped boots
 88162 | Zig:17   | Identified the +1 pair of boots of Wumpuf {+Fly} (You found
                  | it on level 17 of a ziggurat)
 88203 | Zig:18   | Entered Level 18 of a ziggurat
 88238 | Zig:18   | Noticed a juggernaut
 88246 | Zig:18   | Killed a juggernaut
 88249 | Zig:18   | Noticed a juggernaut
 88250 | Zig:18   | Noticed a juggernaut
 88253 | Zig:18   | Noticed a juggernaut
 88256 | Zig:18   | Killed a juggernaut
 88257 | Zig:18   | Noticed a juggernaut
 88264 | Zig:18   | Killed a juggernaut
 88281 | Zig:18   | Killed a juggernaut
 88286 | Zig:18   | Killed a juggernaut
 88376 | Zig:18   | Identified the cursed +0 shield of Teucem {rPois rC++ Dex-3
                  | Slay+3} (You found it on level 18 of a ziggurat)
 88407 | Zig:19   | Entered Level 19 of a ziggurat
 88436 | Zig:19   | Noticed Vuegul the pandemonium lord
 88494 | Zig:19   | Got an ebony war axe
 88498 | Zig:20   | Entered Level 20 of a ziggurat
 88569 | Zig:20   | Slain by a reaper

Vault maps used:
D:1:      roderic_crop_circles_arrival_small, minmay_octomino_c4
D:2:      minmay_diamond_boxcup, cheibriados_altar_1, zin_treasury
D:3:      dancing_weapons_uskayaw, nemelex_lonely_heart_becter
D:4:      minmay_temple_entry_enclosed_plants, first_ration, serial_shops,
          nicolae_shop_crystal
D:5:      nicolae_dithmenos_through_a_glass_darkly, wad_rectangle_vault
D:6:      minmay_crystal_water
D:7:      kennysheep_okawaru_gauntlet, grunt_gozag_breadcrumbs, basic_altar,
          serial_shops, shop_fountains, hangedman_abyss_or_decor_passed,
          grunt_ogre_cave, uniq_pikel, uniq_harold
D:8:      tgw_trog, marbit_many_paths, lemuel_crystal_altar, grunt_tough_drop
D:9:      lair_entry_dummy, kennysheep_generic_room_11
D:10:     kennysheep_kobold_lugonu_temple, chequers_serial_rivers_marsh,
          minmay_stone_trees_small, hangedman_glass_garden, chequers_jeans,
          uniq_grum, uniq_erica, uniq_gastronok
D:11:     uniq_erolcha
D:12:     david_orc_2, portal_ice_cave_entry_animals_and_master
D:13:     worms_lemuel
D:14:     grunt_vaults_entry_fortified, chequers_decorated_corner,
          billiards_dpeg
D:15:     gammafunk_depths_entry_grave, gammafunk_ghost_hydra_chop,
          grunt_decor_one_mirror
Temple:   dshaligram_water_room_temple
Lair:1:   gauntlet_entry_generic, chequers_serial_rivers_marsh,
          lemuel_old_faithful
Lair:2:   guppyfry_snake_entry_garden, beast_lair_carwin_1
Lair:3:   gammafunk_ghost_cemetery, lemuel_fruit_fields,
          infiniplex_staircase_pool, serial_bayou_shore_a, grunt_megastairs_5
Lair:4:   minmay_shoals_entry_beasts, minivault_25, grunt_megastairs_2
Lair:5:   grunt_megastairs_4, minmay_lair_oklob_chamber
Lair:6:   cheibrodos_lair_end_hotspot, slime_dummy, minmay_lair_drake_nest,
          lemuel_fruit_fields, uniq_urug, uniq_nessos
Shoals:1: cheibrodos_shoals_three_sisters,
          nicolae_shoals_siren_and_animal_friends, uniq_roxanne
Shoals:2: nicolae_shoals_this_corrosion
Shoals:3: uniq_ilsuiw
Shoals:4: shoals_end_grunt_ice
Snake:1:  serial_shops, shop_statue
Snake:2:  serial_bayou_shore_b
Snake:3:  serial_bayou_pond_a, uniq_vashnia, uniq_louise
Snake:4:  minmay_snake_end_coiled, uniq_agnes
Slime:1:  basic_altar, nicolae_slime_barrier
Slime:2:  basic_altar
Orc:1:    special_room
Orc:2:    grunt_orc_cross
Elf:1:    minmay_elf_arrival_circle, ebering_ghost_gozag, minivault_28,
          door_vault
Elf:2:    fake_guardian_serpent_vault
Elf:3:    minmay_elf_hall_hex, minmay_shop_grid_forest, grunt_megastairs_3
Vaults:1: v_misc_29, vaults_dpeg_encased_lava, hangedman_vaults_impose,
          nicolae_vaults_network_star, v_misc_5, v_alt_pattern_3, v_misc_1,
          v_misc_5, sword_in_stone, vaults_standard_mumra_enter_the_diamond
Vaults:2: v_misc_1, v_misc_13, hangedman_vaults_corner,
          nicolae_vaults_rhombus_6, v_misc_26, grunt_vaults_funnel,
          grunt_vaults_hallway_long, vaults_dpeg_ring, ontoclasm_vaults_gateway
Vaults:3: hangedman_vaults_restitches, dpeg_vaults_waves, v_alt_pattern_6,
          minmay_crypt_entry_simple_walls, nicolae_vaults_network_s,
          nicolae_vaults_big_angled_halls, hangedman_vaults_river_flow,
          vaults_dpeg_spiral, v_misc_13, nicolae_vaults_little_squares_6,
          ontoclasm_vaults_twist, ontoclasm_vaults_tryst,
          nicolae_vaults_little_squares_3, vaults_room_semicircle, serial_shops,
          shop_fountains, uniq_mara, uniq_sojobo
Vaults:4: v_pattern_2, dpeg_vaults_monster_box, nicolae_vaults_triangles,
          vaults_room_fours, st_lattice, vaults_dpeg_hooks,
          nicolae_vaults_specimen_jars, serial_shops, shop_statue
Vaults:5: uniq_frederick
Crypt:1:  gammafunk_ghost_split, grunt_crypt_arrival_guarded_gate
Crypt:3:  cryptofortress_bobbens
Depths:1: rand_demon_pan_entry_8, abyss_entry, hangedman_coc_ice_floe,
          hangedman_decor_growths, chequers_serial_rivers_marsh,
          hangedman_eye_storm
Depths:2: hangedman_cross_cluster, abyss_entry_small_statue_room, hell_entry,
          st_stairs_6, minmay_staircase_windowed_large, firewood_loft,
          uniq_saint_roka, uniq_nikola
Depths:3: minmay_dotted_concentric_squares, nrook_mini_backslash,
          rand_demon_pan_entry_3, hell_entry, infiniplex_staircase_trident,
          serial_bayou_shore_b
Depths:4: cheibrodos_witchhunters_guild, enter_ziggurat_e, abyss_entry,
          grunt_hell_entry_dis_grunt, serial_bayou_lagoon_a,
          lightli_gold_pyramid
Depths:5: grunt_x_marks_the_spot, hell_entry, pan_entry, hangedman_decor_push
Zot:1:    regret_index_qazlal_generations
Zot:2:    lemuel_draconian_sentries
Abyss:3:  hangedman_abyss_or_decor_jellyfish_corner, minivault_13,
          evilmike_abyss_rune_tso_outpost
Abyss:4:  evilmike_abyss_exit_9, hangedman_shadowy_showcase
Pan:      rand_demon_8, gloorx_vloq_st, pan_blood_fountain,
          evilmike_mini_pan_branches, rand_demon_6,
          nicolae_pan_gloorx_vloqian_4, mnoleg_st, pan_blood_fountain,
          lemuel_hall_of_pain, nicolae_pan_diamonds,
          regret_index_pan_draining_boxed, evilmike_mini_pan_diamond,
          lom_lobon_grunt, evilmike_cerebov_lava
IceCv:    ice_cave_tombish
Gauntlet: gammafunk_gauntlet_branching

Skill      XL: |  1  2  3  4  5  6  7  8  9 10 11 12 13 14 15 16 17 18 19 20 21 22 23 24 25 26 27 |
---------------+----------------------------------------------------------------------------------+-----
Dodging        | 3 4 5 6 7 8 9 10 11 12 13 14 15 16 17 18 23 | 23.5
Armour         | 1 2 3 4 5 6 7 8 9 10 11 12 13 14 15 16 17 18 24 | 24.3
Fighting       | 3 4 5 6 7 8 9 10 11 12 13 14 15 16 17 18 19 20 25 | 25.1
Axes           | 3 4 6 7 9 10 11 12 14 15 16 17 18 19 20 21 22 23 24 26 | 26.0
Invocations    | 1 2 3 5 7 8 10 11 12 13 14 15 16 17 18 19 20 21 22 23 24 27 | 27.0
Bows           | 8 |  8.4
Necromancy     | 19 | 19.9
Spellcasting   | 7 |  7.4
Throwing       | 7 |  7.0

Action                   |  1- 3 |  4- 6 |  7- 9 | 10-12 | 13-15 | 16-18 | 19-21 | 22-24 | 25-27 || total
-------------------------+-------+-------+-------+-------+-------+-------+-------+-------+-------++-------
Melee: War axe           |    91 |   149 |   405 |   131 |       |       |       |       |       ||   776
       Unarmed           |       |       |    19 |       |       |       |       |       |       ||    19
       Hand axe          |       |       |       |   762 |   331 |       |       |       |       ||  1093
       Executioner's axe |       |       |       |       |   700 |   847 |   681 |  1147 |  3474 ||  6849
       Great mace        |       |       |       |       |       |       |       |       |    12 ||    12
 Fire: Longbow           |       |       |       |       |    10 |    21 |       |       |    25 ||    56
Throw: Throwing net      |       |       |       |     7 |       |       |       |       |       ||     7
Invok: Grand Finale      |       |       |       |     1 |       |     1 |     2 |       |    10 ||    14
       Line Pass         |       |       |       |     1 |       |       |       |       |       ||     1
 Abil: Hurl Damnation    |       |       |       |       |       |       |       |       |     2 ||     2
       Evoke Flight      |       |       |       |       |       |       |       |       |     1 ||     1
Evoke: Wand              |       |       |       |    12 |     4 |       |       |       |     3 ||    19
       Sack of spiders   |       |       |       |       |       |     3 |       |       |       ||     3
       Lamp of fire      |       |       |       |       |       |     1 |       |       |     1 ||     2
       Box of beasts     |       |       |       |       |       |       |       |       |     3 ||     3
       Phantom mirror    |       |       |       |       |       |       |       |       |     2 ||     2
  Use: Scroll            |       |       |     7 |    15 |    13 |    10 |     2 |     5 |    64 ||   116
       Potion            |       |       |     7 |    12 |     5 |     4 |       |     3 |    19 ||    50
 Stab: Sleeping          |     2 |     9 |     5 |     9 |       |       |       |     1 |     5 ||    31
       Paralysed         |       |     4 |    26 |   118 |   163 |   144 |   140 |   221 |   696 ||  1512
       Confused          |       |       |     3 |       |       |       |       |       |     1 ||     4
       Held in net/web   |       |       |       |     7 |       |       |       |       |       ||     7
       Invisible         |       |       |       |       |     3 |       |       |       |       ||     3
       Fleeing           |       |       |       |       |       |     1 |       |       |       ||     1
       Distracted        |       |       |       |       |       |       |     2 |     3 |     7 ||    12
  Eat: Chunk             |     1 |     8 |    22 |    18 |    37 |    34 |    18 |    26 |    53 ||   217
       Ration            |       |       |       |     3 |     1 |     2 |       |     2 |    21 ||    29
Armor: Leather armour    |    16 |    38 |    38 |       |       |       |       |       |       ||    92
       Plate armour      |       |       |   165 |   452 |   617 |   562 |   385 |   388 |   445 ||  3014
       Skin              |       |       |     5 |       |       |       |       |       |       ||     5
       Ice dragon scales |       |       |       |    32 |       |       |       |       |       ||    32
       Gold dragon scale |       |       |       |       |       |       |       |       |  1199 ||  1199
Dodge: Dodged            |    68 |    91 |   232 |   322 |   577 |   628 |   606 |   797 |  2598 ||  5919
Block: Other             |    17 |    25 |    71 |   113 |   142 |   155 |   165 |   340 |  1146 ||  2174
       Reflection        |       |       |       |       |       |       |       |    28 |     1 ||    29

Table legend:
 A = Non-vault XP
 B = Vault XP
 C = Vault XP percentage of total XP
 D = Non-vault monster count
 E = Vault monster count
 F = Vault count percentage of total count
                 A         B        C        D         E       F
            +---------+---------+-------+---------+---------+-------
      Total | 1793687 | 1139229 |  38.8 |    2664 |    1174 |  30.6
            +---------+---------+-------+---------+---------+-------
        D:1 |      16 |      11 |  40.7 |      10 |       6 |  37.5
        D:2 |      68 |      32 |  32.0 |      13 |      10 |  43.5
        D:3 |     139 |       0 |   0.0 |      29 |       0 |   0.0
        D:4 |     494 |       0 |   0.0 |      18 |       0 |   0.0
        D:5 |     445 |     209 |  32.0 |      20 |       5 |  20.0
        D:6 |     827 |       0 |   0.0 |      21 |       0 |   0.0
        D:7 |    1840 |    1724 |  48.4 |      43 |       3 |   6.5
        D:8 |    1116 |     202 |  15.3 |      19 |       7 |  26.9
        D:9 |    1931 |       0 |   0.0 |      16 |       0 |   0.0
       D:10 |    3190 |    4763 |  59.9 |      24 |      10 |  29.4
       D:11 |    5790 |    1018 |  15.0 |      32 |       1 |   3.0
       D:12 |    6796 |    2853 |  29.6 |      29 |      14 |  32.6
       D:13 |    5307 |    2391 |  31.1 |      27 |      10 |  27.0
       D:14 |    7590 |    8001 |  51.3 |      38 |      13 |  25.5
       D:15 |    8251 |    5863 |  41.5 |      27 |      10 |  27.0
     Lair:1 |    4124 |       0 |   0.0 |      15 |       0 |   0.0
     Lair:2 |    5832 |    2153 |  27.0 |      23 |      13 |  36.1
     Lair:3 |    2732 |    2389 |  46.7 |      12 |       3 |  20.0
     Lair:4 |    7817 |    1292 |  14.2 |      29 |       3 |   9.4
     Lair:5 |    2881 |    1575 |  35.3 |      11 |       4 |  26.7
     Lair:6 |    9228 |    9851 |  51.6 |      35 |      31 |  47.0
   Shoals:1 |    7461 |   14985 |  66.8 |      17 |      18 |  51.4
   Shoals:2 |   15935 |     442 |   2.7 |      31 |       1 |   3.1
   Shoals:3 |   11281 |    4063 |  26.5 |      24 |       6 |  20.0
   Shoals:4 |    7797 |   20738 |  72.7 |      17 |      28 |  62.2
    Snake:1 |   16425 |       0 |   0.0 |      31 |       0 |   0.0
    Snake:2 |   16416 |       0 |   0.0 |      25 |       0 |   0.0
    Snake:3 |   15715 |    9912 |  38.7 |      27 |       6 |  18.2
    Snake:4 |   29506 |   28265 |  48.9 |      53 |      42 |  44.2
    Slime:1 |    9663 |       0 |   0.0 |      16 |       0 |   0.0
    Slime:2 |   33820 |       0 |   0.0 |      42 |       0 |   0.0
    Slime:3 |    6766 |       0 |   0.0 |      10 |       0 |   0.0
    Slime:4 |   18611 |       0 |   0.0 |      32 |       0 |   0.0
    Slime:5 |   11575 |   28786 |  71.3 |       7 |      12 |  63.2
      Orc:1 |    4302 |    7257 |  62.8 |      42 |      25 |  37.3
      Orc:2 |    5844 |    6689 |  53.4 |      29 |      31 |  51.7
      Elf:1 |   25059 |   32514 |  56.5 |      40 |      38 |  48.7
      Elf:2 |   13282 |   22497 |  62.9 |      21 |      29 |  58.0
      Elf:3 |   22137 |   44483 |  66.8 |      36 |      33 |  47.8
   Vaults:1 |   36520 |   33445 |  47.8 |      67 |      41 |  38.0
   Vaults:2 |   34895 |    8894 |  20.3 |      55 |      15 |  21.4
   Vaults:3 |   29304 |   33544 |  53.4 |      55 |      30 |  35.3
   Vaults:4 |   41433 |   25640 |  38.2 |      68 |      23 |  25.3
   Vaults:5 |   64478 |  144283 |  69.1 |      94 |      96 |  50.5
    Crypt:1 |   25249 |   19580 |  43.7 |      56 |       9 |  13.8
    Crypt:2 |   22342 |       0 |   0.0 |      31 |       0 |   0.0
    Crypt:3 |       0 |   62481 | 100.0 |       0 |      79 | 100.0
   Depths:1 |   53219 |   11192 |  17.4 |      76 |      19 |  20.0
   Depths:2 |    8602 |   41973 |  83.0 |       8 |      38 |  82.6
   Depths:3 |   45084 |   21552 |  32.3 |      55 |      16 |  22.5
   Depths:4 |   40775 |   60668 |  59.8 |      47 |      45 |  48.9
   Depths:5 |   56543 |   23571 |  29.4 |      56 |      16 |  22.2
       Hell |   16952 |   31083 |  64.7 |      21 |      50 |  70.4
      Zot:1 |   50141 |   48863 |  49.4 |      32 |      32 |  50.0
      Zot:2 |   89953 |    4538 |   4.8 |      51 |       3 |   5.6
      Zot:3 |   59347 |       0 |   0.0 |      33 |       0 |   0.0
      Zot:4 |   64122 |       0 |   0.0 |      43 |       0 |   0.0
    Abyss:1 |   28234 |       0 |   0.0 |      37 |       0 |   0.0
    Abyss:2 |    7244 |    8790 |  54.8 |      12 |      12 |  50.0
    Abyss:3 |   10536 |   13614 |  56.4 |      18 |      13 |  41.9
    Abyss:4 |   11485 |       0 |   0.0 |      19 |       0 |   0.0
        Pan |  278614 |  267597 |  49.0 |     381 |     187 |  32.9
      Zig:1 |    1552 |       0 |   0.0 |       2 |       0 |   0.0
      Zig:2 |    1491 |       0 |   0.0 |       3 |       0 |   0.0
      Zig:3 |    4702 |       0 |   0.0 |       3 |       0 |   0.0
      Zig:4 |    5074 |       0 |   0.0 |       5 |       0 |   0.0
      Zig:5 |    7858 |       0 |   0.0 |       6 |       0 |   0.0
      Zig:6 |   11792 |       0 |   0.0 |      10 |       0 |   0.0
      Zig:7 |   11330 |       0 |   0.0 |       8 |       0 |   0.0
      Zig:8 |   14307 |       0 |   0.0 |      14 |       0 |   0.0
      Zig:9 |   11203 |       0 |   0.0 |      21 |       0 |   0.0
     Zig:10 |   16522 |       0 |   0.0 |      13 |       0 |   0.0
     Zig:11 |   17286 |       0 |   0.0 |      26 |       0 |   0.0
     Zig:12 |   14401 |       0 |   0.0 |      28 |       0 |   0.0
     Zig:13 |   22246 |       0 |   0.0 |      25 |       0 |   0.0
     Zig:14 |   31605 |       0 |   0.0 |      21 |       0 |   0.0
     Zig:15 |   17929 |       0 |   0.0 |      11 |       0 |   0.0
     Zig:16 |   32244 |       0 |   0.0 |      40 |       0 |   0.0
     Zig:17 |   53555 |       0 |   0.0 |      34 |       0 |   0.0
     Zig:18 |   60500 |    2687 |   4.3 |      48 |       4 |   7.7
     Zig:19 |   18195 |       0 |   0.0 |      15 |       0 |   0.0
     Zig:20 |   16814 |       0 |   0.0 |      25 |       0 |   0.0
      IceCv |       0 |    5341 | 100.0 |       0 |      23 | 100.0
   Gauntlet |       0 |    4935 | 100.0 |       0 |      11 | 100.0
            +---------+---------+-------+---------+---------+-------
